[Event "Betsys MČR v online bleskovém šachu 2021"]
[Site "Chess.com"]
[Date "2021.04.17"]
[Round "8"]
[White "dino5517"]
[Black "Hollow_Head"]
[Result "1-0"]
[WhiteElo "1391"]
[BlackElo "1069"]
[TimeControl "180+1"]
[EndTime "10:19:00 PDT"]
[Termination "Uživatel dino5517 zvítězil matem"]

1. e4 e5 2. Nf3 Nc6 3. Bc4 Nd4 4. Nxd4 exd4 5. c3 dxc3 6. Nxc3 Nf6 7. Qf3 Bb4 8. e5 Bxc3 9. bxc3 O-O 10. exf6 g6 11.
O-O c6 12. Qh3 h5 13. Bb3 d5 14. Qe3 Re8 15. Qh6 Qxf6 16. Rb1 Qe5 17. Bb2 Bf5 18. c4 Bxb1 19. Bxe5 Rxe5 20. Rxb1 Rae8 21. h3 Re2 22.
cxd5 Rxd2 23. dxc6 bxc6 24. Qxd2 Rf8 25. Qd7 a5 26. a4 c5 27. g4 h4 28. Rd1 g5 29.
Rd6 Kg7 30. Qf5 f6 31. Rd7+ Rf7 32. Rxf7+ Kh6 33. Qxf6# 1-0

[Event "Betsys MČR v online bleskovém šachu 2021"]
[Site "Chess.com"]
[Date "2021.04.17"]
[Round "8"]
[White "Hroch_Hippo"]
[Black "MatejKopecky13"]
[Result "0-1"]
[WhiteElo "1097"]
[BlackElo "1514"]
[TimeControl "180+1"]
[EndTime "10:19:02 PDT"]
[Termination "Uživatel MatejKopecky13 zvítězil matem"]

1. e4 c6 2. Nc3 d5 3. exd5 cxd5 4. Qf3 Nf6 5. Bb5+ Nc6 6. Bxc6+ bxc6 7. d4 Bg4 8. Qf4 e6 9. f3 Bd6 10. Qg5 Bh5 11. Bf4 h6 12. Qxg7 Rg8 13. Qxh6 Bxf4 14.
Qxf4 Rxg2 15. Nh3 Rxc2 16. Rb1 Rb8 17. Na4 Rb4 18. Kd1 Bg6 19. Qh6 Rxa4 20. Qh8+ Ke7 21. Qxd8+ Kxd8 22. b3 Rxd4+ 23. Ke1 Rdd2 24. Rd1 Re2+ 25.
Kf1 Bf5 26. Ng1 Rf2+ 27. Ke1 Nh5 28. Ra1 Nf4 29. Kd1 Rfd2+ 30. Ke1 Ng2+ 31. Kf1 Bd3+ 32. Ne2 Rxe2 33. Kg1 Nf4 34. h4 Rg2# 0-1

[Event "Betsys MČR v online bleskovém šachu 2021"]
[Site "Chess.com"]
[Date "2021.04.17"]
[Round "8"]
[White "Michelangelo111"]
[Black "Jeff_CZE"]
[Result "1-0"]
[WhiteElo "2125"]
[BlackElo "1849"]
[TimeControl "180+1"]
[EndTime "10:19:05 PDT"]
[Termination "Uživatel Michelangelo111 zvítězil po vzdání soupeře"]

1. Nf3 e6 2. g3 d5 3. Bg2 Nf6 4. O-O Be7 5. d4 O-O 6. c4 dxc4 7. Qc2 Bd7 8. Qxc4 Bc6 9. Nc3 a6 10. Ne5 Bxg2 11. Kxg2 b5 12. Qd3 c5 13. dxc5 Bxc5 14. Bf4 Qb6 15. Rad1 Nc6 16. Nxc6 Qxc6+ 17. Qf3 Qxf3+ 18. Kxf3 Rad8 19. Be5 Nd7 20. Bc7 1-0

[Event "Betsys MČR v online bleskovém šachu 2021"]
[Site "Chess.com"]
[Date "2021.04.17"]
[Round "8"]
[White "DominikS3"]
[Black "pohoda1966"]
[Result "0-1"]
[WhiteElo "1341"]
[BlackElo "1731"]
[TimeControl "180+1"]
[EndTime "10:19:07 PDT"]
[Termination "Uživatel pohoda1966 zvítězil po vzdání soupeře"]

1. d4 d5 2. c4 c6 3. Nc3 Nf6 4.
Nf3 e6 5. Bg5 a6 6. e3 Nbd7 7. cxd5 exd5 8. Bd3 Be7 9. O-O h6 10.
Bh4 O-O 11. Rc1 Re8 12. a3 Nh7 13. Bxe7 Qxe7 14. b4 Ng5 15. Nxg5 Qxg5 16. a4 Nf6 17. b5 axb5 18. axb5 Bd7 19. bxc6 bxc6 20. Na4 Bh3 21. g3 Bxf1 22. Bxf1 Ng4 23. h4 Qg6 24. Nc5 Nxe3 25.
fxe3 Qxg3+ 26. Bg2 Rxe3 27. Nd7 Ra2 28. Rc2 Re1+ 0-1

[Event "Betsys MČR v online bleskovém šachu 2021"]
[Site "Chess.com"]
[Date "2021.04.17"]
[Round "8"]
[White "8_olda_8"]
[Black "ZdenekRomanek"]
[Result "1-0"]
[WhiteElo "1799"]
[BlackElo "1589"]
[TimeControl "180+1"]
[EndTime "10:19:08 PDT"]
[Termination "Uživatel 8_olda_8 zvítězil po vzdání soupeře"]

1. d4 e6 2. c4 d5 3. Nc3 Nf6 4. Nf3 Bb4 5. Qc2 O-O 6. a3 Bxc3+ 7. Qxc3 Ne4 8. Qc2 Nc6 9. g3 f5 10. Bg2 Bd7 11. O-O Qf6 12. Rd1 Rad8 13. Bf4 Rc8 14. b4 g5 15. Be5 Nxe5 16. Nxe5 Be8 17. f3 Nd6 18. e4 dxc4 19. Nxc4 Nxc4 20. Qxc4 fxe4 21. fxe4 Qf2+ 22. Kh1 Rf6 23. Rf1 1-0

[Event "Betsys MČR v online bleskovém šachu 2021"]
[Site "Chess.com"]
[Date "2021.04.17"]
[Round "8"]
[White "hvanacek"]
[Black "Figo5144"]
[Result "1-0"]
[WhiteElo "950"]
[BlackElo "575"]
[TimeControl "180+1"]
[EndTime "10:19:08 PDT"]
[Termination "Uživatel hvanacek zvítězil matem"]

1. e4 e5 2. f4 Nc6 3. Nc3 a6 4. d3 Nf6 5. f5 h6 6. Nf3 Bc5 7. Qe2 d6 8. Be3 Bb4 9. O-O-O b6 10. Bd2 Bb7 11. g3 Nd4 12. Nxd4 exd4 13. Nd5 O-O 14. Bxb4 a5 15. Bd2 Re8 16. Nxf6+ gxf6 17. Qg4+ Kh7 18.
Qh5 Rf8 19. Qxh6+ Kg8 20. g4 d5 21. g5 dxe4 22. gxf6 exd3 23. Rg1+ Bg2 24. Rxg2# 1-0

[Event "Betsys MČR v online bleskovém šachu 2021"]
[Site "Chess.com"]
[Date "2021.04.17"]
[Round "8"]
[White "marecek1754"]
[Black "MichalTrhal"]
[Result "1-0"]
[WhiteElo "2175"]
[BlackElo "1924"]
[TimeControl "180+1"]
[EndTime "10:19:15 PDT"]
[Termination "Uživatel marecek1754 zvítězil po vzdání soupeře"]

1. e4 d6 2. d4 Nf6 3. Nc3 g6 4. f4 Bg7 5. Nf3 O-O 6. Bd3 c5 7. Be3 cxd4 8. Nxd4 Nc6 9. Nxc6 bxc6 10. h3 Rb8 11. Rb1 Qa5 12. O-O Nd7 13. f5 Ne5 14. Be2 a6 15. Kh1 Qb4 16. a3 Qa5 17. Bg5 Re8 18.
f6 exf6 19. Bxf6 Bf8 20. Qd4 Be6 21. Nd1 Qc5 22. Qxc5 dxc5 23. Bxe5 Rbd8 24. Bf6 Rd2 25. Nc3 Rxc2 26. Rfc1 Rxc1+ 27. Rxc1 c4 28. Rd1 1-0

[Event "Betsys MČR v online bleskovém šachu 2021"]
[Site "Chess.com"]
[Date "2021.04.17"]
[Round "8"]
[White "Countryside_58"]
[Black "tryskomys"]
[Result "1-0"]
[WhiteElo "2404"]
[BlackElo "1556"]
[TimeControl "180+1"]
[EndTime "10:19:17 PDT"]
[Termination "Uživatel Countryside_58 zvítězil po vzdání soupeře"]

1. h4 d6 2. h5 Nd7 3. d4 e5 4. Nf3 e4 5. Ng1 d5 6. c4 c6 7. Nc3 Ngf6 8. h6 g6 9. Bg5 Be7 10. e3 Nb6 11. c5 Nbd7 12. b4 a6 13. a4 Nf8 14. b5 Ne6 15. Bxf6 Bxf6 16. Nge2 O-O 17.
g3 Bd7 18. bxa6 Rxa6 19. Nf4 Nxf4 20. Bxa6 Qa5 21. Qd2 Qxa6 22. gxf4 Be7 23. Qe2 Qa8 24. a5 Bd8 25. Qa2 Re8 26. a6 bxa6 27. Qxa6 Qb8 28. Rb1 Qc7 29. Rb7 Qc8 30. Qa7 Be6 31. Rb8 Qd7 32.
Qxd7 Bxd7 33. Kd2 Kf8 34. Ra1 Ke7 35. Ra7 f6 36. Rbb7 1-0

[Event "Betsys MČR v online bleskovém šachu 2021"]
[Site "Chess.com"]
[Date "2021.04.17"]
[Round "8"]
[White "JosefBara"]
[Black "Terilka"]
[Result "0-1"]
[WhiteElo "1304"]
[BlackElo "1529"]
[TimeControl "180+1"]
[EndTime "10:19:18 PDT"]
[Termination "Uživatel Terilka zvítězil matem"]

1. d4 Nf6 2. c4 g6 3. Nc3 d5 4.
Nf3 Bg7 5. Bg5 Ne4 6. Rc1 O-O 7. Nxd5 Nxg5 8. Nxg5 e6 9. Nc3 Qxg5 10. g3 Nc6 11.
Bg2 Nxd4 12. O-O Rd8 13. Qa4 Bd7 14. Qb4 Nc6 15. Qb3 Na5 16. Qc2 Bc6 17. Bxc6 Nxc6 18. Ne4 Qe5 19. b3 Nd4 20. Qb1 Nxe2+ 21. Kg2 Nxc1 22.
Rxc1 Rd4 23. f3 Rad8 24. Re1 Qa5 25. c5 b6 26. cxb6 axb6 27. Rc1 c5 28. Ng5 Qd2+ 29. Kh3 Qxg5 30. f4 Qh5+ 31. Kg2 Rd2+ 32. Kf1 Qe2+ 33.
Kg1 Qg2# 0-1

[Event "Betsys MČR v online bleskovém šachu 2021"]
[Site "Chess.com"]
[Date "2021.04.17"]
[Round "8"]
[White "YawningBagel"]
[Black "fera_v"]
[Result "1-0"]
[WhiteElo "1985"]
[BlackElo "2228"]
[TimeControl "180+1"]
[EndTime "10:19:22 PDT"]
[Termination "Uživatel YawningBagel zvítězil po vzdání soupeře"]

1. d4 Nf6 2. c4 g6 3. Nc3 Bg7 4. e4 d6 5. Nf3 O-O 6. Be2 Na6 7.
Bg5 c5 8. d5 e6 9. O-O exd5 10. exd5 Nc7 11. h3 a6 12. Ne4 Re8 13.
Nxf6+ Bxf6 14. Bxf6 Qxf6 15. Qc2 b5 16. b3 Bd7 17.
Rfe1 b4 18. Nd2 Re5 19. Qb2 Rae8 20. Nf3 Rf5 21. Qxf6 Rxf6 22. Bd3 Bxh3 23. Rxe8+ Nxe8 24. Re1 Bd7 25. Re7 Kf8 26. Rxd7 Rf4 27. Kf1 h5 28. Ke2 h4 29. Ng5 Kg7 30. Ne6+ 1-0

[Event "Betsys MČR v online bleskovém šachu 2021"]
[Site "Chess.com"]
[Date "2021.04.17"]
[Round "8"]
[White "Fafin1"]
[Black "lupinek23"]
[Result "1-0"]
[WhiteElo "1395"]
[BlackElo "1593"]
[TimeControl "180+1"]
[EndTime "10:19:22 PDT"]
[Termination "Uživatel Fafin1 zvítězil po vzdání soupeře"]

1. e4 e5 2. Nf3 Nc6 3. Bb5 d6 4. d3 Nf6 5. h3 h6 6. O-O Bd7 7. Be3 Be7 8. c4 O-O 9. Nc3 a6 10. Ba4 Nd4 11. Bxd4 Bxa4 12. Nxa4 exd4 13. Nxd4 c5 14.
Nf3 Qd7 15. b3 Nh5 16. Nd2 Nf4 17. Kh2 Nxd3 18. Nb6 Qe6 19. Nxa8 Rxa8 20. Qf3 Bg5 21. Qxd3 Bf4+ 22. g3 Be5 23. Nf3 Bxa1 24. Rxa1 Re8 25. Re1 Qf6 26. Kg2 g6 27. Nd2 h5 28. Qd5 Re5 29. Qxb7 Qg5 30. Nf3 Qf6 31. Nxe5 Qxe5 32.
Qxa6 h4 33. Qc8+ Kh7 34. g4 Qf4 35. Qe8 Kg7 36. e5 Qd2 37. exd6 Qxd6 38. Qe5+ 1-0

[Event "Betsys MČR v online bleskovém šachu 2021"]
[Site "Chess.com"]
[Date "2021.04.17"]
[Round "8"]
[White "Rozmetal"]
[Black "BRNOTEACHER"]
[Result "0-1"]
[WhiteElo "2139"]
[BlackElo "2346"]
[TimeControl "180+1"]
[EndTime "10:19:24 PDT"]
[Termination "Uživatel BRNOTEACHER zvítězil po vzdání soupeře"]

1. e4 c6 2. Nc3 d5 3. Nf3 Nf6 4. e5 Ne4 5. d4 Nxc3 6. bxc3 c5 7. Bd3 c4 8. Be2 Nc6 9. O-O h6 10. h3 Bf5 11. g4 Bh7 12. e6 fxe6 13. Re1 Qd6 14.
Bf1 g5 15. Ne5 Nxe5 16. dxe5 Qc7 17. f4 gxf4 18. Bxf4 Bg7 19. Qd2 O-O-O 20. Bg2 Rdf8 21. Bg3 Rf7 22. a4 Bg6 23. a5 Rhf8 24. a6 b6 25.
Rf1 Bxe5 26. Rxf7 Rxf7 27. Bxe5 Qxe5 28. Qxh6 Bxc2 29. Rf1 Rxf1+ 30. Bxf1 Qg3+ 31. Bg2 Be4 32. Qxe6+ Kd8 33. Qg8+ Kc7 0-1

[Event "Betsys MČR v online bleskovém šachu 2021"]
[Site "Chess.com"]
[Date "2021.04.17"]
[Round "8"]
[White "DavidZidlicky"]
[Black "sachovybukowski"]
[Result "1-0"]
[WhiteElo "1741"]
[BlackElo "1957"]
[TimeControl "180+1"]
[EndTime "10:19:26 PDT"]
[Termination "Uživatel DavidZidlicky zvítězil matem"]

1. e4 c5 2. Nf3 d6 3. Nc3 Nf6 4.
d4 cxd4 5. Nxd4 a6 6. f4 e6 7. Be2 Be7 8. O-O Nc6 9. Nxc6 bxc6 10. e5 Nd5 11. Nxd5 exd5 12. b3 O-O 13. Bb2 Bf5 14.
Bd3 Qd7 15. Qf3 Rfe8 16. Rae1 Bf8 17. Qg3 g6 18. e6 Bxe6 19. f5 Qa7+ 20. Kh1 Bd7 21.
fxg6 hxg6 22. Bxg6 Rxe1 23. Bxf7+ Kh7 24. Qg8+ Kh6 25.
Qg6# 1-0

[Event "Betsys MČR v online bleskovém šachu 2021"]
[Site "Chess.com"]
[Date "2021.04.17"]
[Round "8"]
[White "EDA16"]
[Black "tondapesek"]
[Result "0-1"]
[WhiteElo "1136"]
[BlackElo "1111"]
[TimeControl "180+1"]
[EndTime "10:19:27 PDT"]
[Termination "Uživatel tondapesek zvítězil matem"]

1. d4 d5 2. c4 e6 3. Nc3 Nf6 4.
Bg5 Bb4 5. Qc2 c6 6. cxd5 cxd5 7.
e3 Nc6 8. Nf3 b6 9. Bb5 Bd7 10.
O-O Bxc3 11. Qxc3 Nb8 12. Bxd7+ Nbxd7 13. Bxf6 Nxf6 14. Qc6+ Nd7 15. Ne5 Rc8 16. Qb5 Rc7 17.
Nxd7 Qxd7 18. Qxd7+ Rxd7 19. Rac1 Ke7 20. Rc6 Rhd8 21.
Rfc1 Kf6 22. Rc7 Ke7 23. Rxd7+ Rxd7 24. Rc8 Rd8 25. Rxd8 Kxd8 26. Kf1 Kd7 27. Ke2 Kc6 28. Kd3 Kb5 29. Kc3 a5 30. b3 Kc6 31. a4 Kd6 32. f3 f6 33. e4 dxe4 34. fxe4 g6 35. Kc4 Kc7 36. Kb5 f5 37. e5 g5 38. h3 h5 39.
g3 f4 40. Kc4 fxg3 41. Kd3 g2 42. Ke4 g1=Q 43. Kd3 Qd1+ 44. Kc4 Qc2+ 45. Kb5 Qxb3+ 46. Ka6 Qxa4 47. Ka7 Qd7 48. Ka6 Kc6 49. d5+ exd5 50. e6 Qb7# 0-1

[Event "Betsys MČR v online bleskovém šachu 2021"]
[Site "Chess.com"]
[Date "2021.04.17"]
[Round "8"]
[White "VojtechPlat"]
[Black "TheRigos"]
[Result "1-0"]
[WhiteElo "2848"]
[BlackElo "2565"]
[TimeControl "180+1"]
[EndTime "10:19:29 PDT"]
[Termination "Uživatel VojtechPlat zvítězil po vzdání soupeře"]

1. e4 f5 2. exf5 Nf6 3. Nc3 d5 4. Nf3 Bxf5 5. d4 c5 6. h3 Nc6 7. Be3 Bg6 8. Bb5 cxd4 9. Nxd4 Qd6 10. Nb3 e5 11. Bc5 Qe6 12. Bxf8 Kxf8 13. O-O d4 14. Ne2 Rd8 15. f4 Bh5 16. Bxc6 bxc6 17. Qe1 Bxe2 18.
Qxe2 e4 19. Rad1 c5 20. Nxc5 Qxa2 21. f5 Qxb2 22. Qc4 Qc3 23. Qxc3 dxc3 24. Rxd8+ 1-0

[Event "Betsys MČR v online bleskovém šachu 2021"]
[Site "Chess.com"]
[Date "2021.04.17"]
[Round "8"]
[White "TarantAnk"]
[Black "EliasD123"]
[Result "1-0"]
[WhiteElo "1728"]
[BlackElo "1317"]
[TimeControl "180+1"]
[EndTime "10:19:29 PDT"]
[Termination "Uživatel TarantAnk zvítězil po vzdání soupeře"]

1. e4 e5 2. Nf3 Nc6 3. Bc4 Nf6 4. Ng5 d5 5. exd5 Na5 6. Bb5+ c6 7. dxc6 bxc6 8. Bd3 h6 9. Ne4 Nxe4 10. Bxe4 f5 11. Bf3 e4 12. Be2 Bc5 13. d3 O-O 14. O-O Be6 15. dxe4 Qf6 16. exf5 Bxf5 17. Bf3 Rad8 18. Qe1 Nc4 19. Qc3 Qxc3 20. Nxc3 Rfe8 21. Bxc6 Re6 22. Bd5 Rxd5 23. Nxd5 Bxc2 24. Bf4 Rg6 25. Bg3 Be4 26. Rfd1 Kh7 27. Rac1 Nxb2 28. Rd2 Na4 29. Rc4 Ra6 30. Rxe4 Nb6 31. Nxb6 Rxb6 32. h3 a5 33. Rc2 Be7 34. Rxe7 1-0

[Event "Betsys MČR v online bleskovém šachu 2021"]
[Site "Chess.com"]
[Date "2021.04.17"]
[Round "8"]
[White "Sorcercream"]
[Black "kubajss"]
[Result "0-1"]
[WhiteElo "1016"]
[BlackElo "909"]
[TimeControl "180+1"]
[EndTime "10:19:30 PDT"]
[Termination "Uživatel kubajss zvítězil po vzdání soupeře"]

1. e4 e5 2. Nf3 Nc6 3. Bb5 d6 4. c3 Bd7 5. d4 a6 6. Ba4 b5 7.
Bc2 Nf6 8. O-O Bg4 9. dxe5 Bxf3 10. Qxf3 Nxe5 11. Qe2 g6 12. Nd2 Bg7 13. Nf3 O-O 14.
Bf4 Nh5 15. Bg3 Re8 16. Qd2 Nxf3+ 17. gxf3 Qf6 18. f4 Bh6 19. f5 Bxd2 20. fxg6 hxg6 0-1

[Event "Betsys MČR v online bleskovém šachu 2021"]
[Site "Chess.com"]
[Date "2021.04.17"]
[Round "8"]
[White "Sfreedom01"]
[Black "lockerbieQ"]
[Result "0-1"]
[WhiteElo "1346"]
[BlackElo "1736"]
[TimeControl "180+1"]
[EndTime "10:19:35 PDT"]
[Termination "Uživatel lockerbieQ zvítězil po vzdání soupeře"]

1. e4 c5 2. c3 Nf6 3. d3 Nc6 4. Bg5 e6 5. Bxf6 Qxf6 6. Qf3 Be7 7. Qxf6 Bxf6 8. Nf3 d5 9. exd5 exd5 10. Be2 O-O 11. O-O Re8 12. Re1 Bf5 13. Nbd2 Ne5 14. Nxe5 Rxe5 15.
Bf3 Rd8 16. d4 Rxe1+ 17. Rxe1 cxd4 18. cxd4 Bxd4 19. g3 Bxb2 20. Kg2 Bc3 21. Re2 b6 22. Bxd5 Bxd2 23. Rxd2 Be4+ 24. f3 Bxd5 25. Kf2 f6 26. Ke3 Rd7 27. g4 Bc6 28. Rc2 Ba4 29. Rc3 Kf7 30.
h4 b5 31. Kf4 Rd4+ 32. Kg3 b4 33. Rc7+ Rd7 34. Rc4 a5 35. a3 Bb5 36. Rc5 Rb7 37. axb4 axb4 38. Rc1 b3 39. Rb1 Bd3 40. Rb2 Bc2 41. Kf2 Ra7 0-1

[Event "Betsys MČR v online bleskovém šachu 2021"]
[Site "Chess.com"]
[Date "2021.04.17"]
[Round "8"]
[White "Dale00007"]
[Black "viklan"]
[Result "0-1"]
[WhiteElo "1398"]
[BlackElo "1587"]
[TimeControl "180+1"]
[EndTime "10:19:41 PDT"]
[Termination "Uživatel viklan zvítězil na čas"]

1. e4 c5 2. Nf3 d6 3. d4 cxd4 4. Nxd4 Nf6 5. Nc3 a6 6. h3 e6 7.
Bg5 Nbd7 8. f4 Qc7 9. Qd2 b5 10.
g4 h6 11. Bh4 Be7 12. Bg2 Bb7 13. O-O Nxe4 14. Nxe4 Bxh4 15. Nf3 Be7 16. Qd4 d5 17. Qxg7 Rf8 18. Ng3 Qxf4 19. Rae1 Qxg3 20. Nd2 Bd6 21. Qxh6 Qh2+ 22. Kf2 Bg3+ 23. Ke2 Qxg2+ 24. Kd1 Bxe1 0-1

[Event "Betsys MČR v online bleskovém šachu 2021"]
[Site "Chess.com"]
[Date "2021.04.17"]
[Round "8"]
[White "ikovacs"]
[Black "Tlaskin"]
[Result "1-0"]
[WhiteElo "1076"]
[BlackElo "1351"]
[TimeControl "180+1"]
[EndTime "10:19:42 PDT"]
[Termination "Uživatel ikovacs zvítězil matem"]

1. d4 Nf6 2. e3 e6 3. Nf3 c5 4. dxc5 Bxc5 5. b3 Ne4 6. Bd3 Bb4+ 7. Bd2 Nxd2 8. Nbxd2 O-O 9. O-O Bc3 10. Rb1 Nc6 11. Ne4 Bf6 12. Nd6 Be7 13. Nxc8 Rxc8 14. c4 Nb4 15.
Be4 Nxa2 16. Bxb7 Rb8 17. Be4 Nc3 18. Qc2 Nxb1 19. Bxh7+ Kh8 20. Rxb1 f5 21. Bg6 Rf6 22. Nh4 Qb6 23. Qe2 Qc5 24. Qh5+ Kg8 25. Qh7+ Kf8 26. Qh8# 1-0

[Event "Betsys MČR v online bleskovém šachu 2021"]
[Site "Chess.com"]
[Date "2021.04.17"]
[Round "8"]
[White "Qb1xh8"]
[Black "KJ327NR"]
[Result "0-1"]
[WhiteElo "2136"]
[BlackElo "2335"]
[TimeControl "180+1"]
[EndTime "10:19:48 PDT"]
[Termination "Uživatel KJ327NR zvítězil matem"]

1. Nf3 Nf6 2. c4 g6 3. g3 Bg7 4.
Bg2 O-O 5. O-O d6 6. d4 c6 7. Nc3 Bf5 8. Re1 Ne4 9. Nxe4 Bxe4 10. Be3 d5 11. Qb3 Qb6 12. c5 Qxb3 13. axb3 a6 14. Bh3 Bxf3 15. exf3 e6 16. Red1 Nd7 17. b4 f5 18. f4 Bf6 19. Ra5 h6 20. Rda1 Rae8 21. Bf1 g5 22. Rd1 Kg7 23. Be2 gxf4 24. Bxf4 e5 25. dxe5 Bxe5 26. Bxe5+ Nxe5 27. f4 Ng4 28. Bxg4 fxg4 29. Raa1 Re2 30. Re1 Rfe8 31. Kf1 R2e4 32. b5 axb5 33. Rxe4 Rxe4 34. Ra7 Re7 35. b4 Kf6 36.
Kf2 Kf5 37. Ra8 Re4 38. Ra7 Rxb4 39. Rxb7 Rb2+ 40. Kg1 Ke4 41. Rb6 Kf3 42. h4 gxh3 43. Rxc6 d4 44. f5 d3 45. f6 Kxg3 46. Kf1 Rb1# 0-1

[Event "Betsys MČR v online bleskovém šachu 2021"]
[Site "Chess.com"]
[Date "2021.04.17"]
[Round "8"]
[White "krystofkrizek1"]
[Black "KdybyNecoTakNic"]
[Result "1/2-1/2"]
[WhiteElo "2143"]
[BlackElo "2309"]
[TimeControl "180+1"]
[EndTime "10:19:48 PDT"]
[Termination "Remíza opakováním pozice"]

1. d4 Nf6 2. Nf3 e6 3. e3 c5 4.
b3 d5 5. Bb2 cxd4 6. exd4 Nc6 7. Bd3 Bd6 8. O-O O-O 9. Qe2 a6 10. a3 b5 11. Ne5 Ne7 12. Nd2 Bb7 13. f4 Ng6 14. Rae1 Rc8 15. f5 exf5 16. Rxf5 Re8 17.
Qf2 Qc7 18. b4 Rf8 19. h4 Ne4 20. Nxe4 dxe4 21. Bxe4 Bxe4 22. Rxe4 Qxc2 23. Re2 Qb1+ 24. Re1 Qc2 25. Re2 Qb1+ 26. Re1 Qc2 27. Re2 1/2-1/2

[Event "Betsys MČR v online bleskovém šachu 2021"]
[Site "Chess.com"]
[Date "2021.04.17"]
[Round "8"]
[White "tucnak64"]
[Black "Loveforever_Pepi"]
[Result "1/2-1/2"]
[WhiteElo "2122"]
[BlackElo "2277"]
[TimeControl "180+1"]
[EndTime "10:19:50 PDT"]
[Termination "Remíza dohodou"]

1. c4 e6 2. Nc3 d5 3. d4 c5 4.
cxd5 cxd4 5. Qxd4 Nc6 6. Qd1 exd5 7. Nf3 Nf6 8. Bg5 d4 9. Nb1 h6 10. Bxf6 Qxf6 11. Nbd2 Bf5 12. g3 Bc5 13. Bg2 O-O 14. O-O Bb6 15. Nc4 Rfe8 16. Re1 Rad8 17. Rc1 Bc5 18. a3 a6 19. b4 Ba7 20. Qb3 b5 21. Nb2 Ne5 22. Nxe5 Qxe5 23. Nd3 Bxd3 24. Qxd3 Re6 25. Bf3 Rde8 26. Kg2 g6 27. Rc2 h5 28. Rec1 Bb6 29. Rc8 h4 30. Rxe8+ Rxe8 31. Rc6 Re6 32. Rxe6 Qxe6 1/2-1/2

[Event "Betsys MČR v online bleskovém šachu 2021"]
[Site "Chess.com"]
[Date "2021.04.17"]
[Round "8"]
[White "BrunoT2"]
[Black "keram91"]
[Result "0-1"]
[WhiteElo "1124"]
[BlackElo "768"]
[TimeControl "180+1"]
[EndTime "10:19:50 PDT"]
[Termination "Uživatel keram91 zvítězil po vzdání soupeře"]

1. e4 e5 2. Nf3 d6 3. Bc4 Nf6 4. Ng5 Be6 5. Bxe6 fxe6 6. Nxe6 Qd7 7. Ng5 h6 8. Nf3 Nc6 9. Nc3 d5 10. exd5 Nxd5 11. Nxd5 Qxd5 12. O-O O-O-O 13. Re1 e4 14. Nh4 Be7 15. Ng6 Rhe8 16. Nxe7+ Rxe7 17. d4 exd3 18. Rxe7 Nxe7 19. Qxd3 a6 20. Qxd5 Rxd5 21. Bf4 Nf5 22. Re1 Kd7 23. Kf1 a5 24. Ke2 Nd4+ 25.
Ke3 Nxc2+ 0-1

[Event "Betsys MČR v online bleskovém šachu 2021"]
[Site "Chess.com"]
[Date "2021.04.17"]
[Round "8"]
[White "machajda"]
[Black "Svandik49"]
[Result "1/2-1/2"]
[WhiteElo "2048"]
[BlackElo "2262"]
[TimeControl "180+1"]
[EndTime "10:19:54 PDT"]
[Termination "Remíza dohodou"]

1. e4 c5 2. Nf3 e6 3. d4 cxd4 4.
Nxd4 Nc6 5. Nc3 Qc7 6. Be3 a6 7. a3 d6 8. Qd2 Nf6 9. Be2 Be7 10.
f4 Bd7 11. Bf3 Nxd4 12. Bxd4 Bc6 13. O-O O-O 14. g4 Nd7 15. f5 Ne5 16. Bxe5 dxe5 17. Kh1 h6 18. Rad1 Rad8 19. Qf2 Rxd1 20. Rxd1 Rd8 21. Qe2 Rxd1+ 22. Qxd1 Qd8 23. Qxd8+ Bxd8 24. Kg2 exf5 25. gxf5 Kf8 26. Nd5 g6 27. fxg6 fxg6 28.
Kf2 Kf7 29. Ke3 h5 30. Kd3 Ke6 31. c4 Bg5 32. b4 Bf4 33. Nc3 Bxh2 34. b5 axb5 35.
cxb5 Bd7 36. a4 Bg1 37. a5 h4 38. Ke2 Bd4 39. Bg4+ Kd6 40. Bxd7 Kxd7 41. Nd5 Kd6 42. Kf3 Kc5 43. a6 bxa6 44. bxa6 Kb5 45. Kg4 Kxa6 46.
Kxh4 Kb5 47. Kg5 Kc4 48. Kxg6 Kd3 49. Kf5 Ba1 1/2-1/2

[Event "Betsys MČR v online bleskovém šachu 2021"]
[Site "Chess.com"]
[Date "2021.04.17"]
[Round "8"]
[White "g4g5g4g5"]
[Black "Ehlundi"]
[Result "1-0"]
[WhiteElo "2003"]
[BlackElo "1755"]
[TimeControl "180+1"]
[EndTime "10:19:54 PDT"]
[Termination "Uživatel g4g5g4g5 zvítězil po vzdání soupeře"]

1. e4 c5 2. Nf3 Nc6 3. g3 e6 4. d3 Nf6 5. Bg2 Be7 6. O-O O-O 7. Re1 d6 8. c3 e5 9. h3 h6 10. Na3 a6 11. Nc2 b5 12. d4 c4 13. d5 Nb8 14. a4 Nbd7 15. axb5 a5 16. Na3 Nb6 17. Nd2 Bd7 18. Bf1 Qc8 19. Kh2 g5 20. Ndxc4 Nxc4 21. Nxc4 Bxb5 22. Nb6 Qb7 23. Nxa8 Bxf1 24.
Rxf1 Rxa8 25. Qe2 Qd7 26. f3 Nh5 27. Be3 f5 28. exf5 Qxf5 29. g4 Nf4 30. gxf5 Nxe2 31. Rfe1 Nf4 32. Bxf4 gxf4 33. Rg1+ Kf7 34. Rg6 h5 35.
Rag1 Rf8 36. Rg7+ Ke8 37. Ra1 Bd8 38. b4 axb4 39. cxb4 Rxf5 40. Ra8 Rf8 41. b5 Rf7 42. Rxf7 1-0

[Event "Betsys MČR v online bleskovém šachu 2021"]
[Site "Chess.com"]
[Date "2021.04.17"]
[Round "8"]
[White "Federer302"]
[Black "Vitana"]
[Result "0-1"]
[WhiteElo "1589"]
[BlackElo "1826"]
[TimeControl "180+1"]
[EndTime "10:19:56 PDT"]
[Termination "Uživatel Vitana zvítězil na čas"]

1. e4 e6 2. d4 d5 3. e5 c5 4. c3 Nc6 5. Nf3 Bd7 6. a3 Qb6 7. b4 cxd4 8. cxd4 Nge7 9. Be3 Nf5 10. Bd3 Nxe3 11. fxe3 Be7 12. O-O O-O 13. Nc3 f5 14.
exf6 Bxf6 15. h3 Rae8 16. Nh2 Bxd4 17. Rxf8+ Rxf8 18. exd4 Qxd4+ 19. Kh1 Qxc3 20. b5 Nd8 21. Rc1 Qf6 22. Qh5 g6 23. Qe2 e5 24. Ng4 Qg7 25.
Nxe5 Re8 26. Re1 Nf7 27. Nxd7 Rxe2 28. Rxe2 Nd6 29. Ne5 Ne4 0-1

[Event "Betsys MČR v online bleskovém šachu 2021"]
[Site "Chess.com"]
[Date "2021.04.17"]
[Round "8"]
[White "Lukuluss88"]
[Black "bezzuton"]
[Result "0-1"]
[WhiteElo "1941"]
[BlackElo "1545"]
[TimeControl "180+1"]
[EndTime "10:19:58 PDT"]
[Termination "Uživatel bezzuton zvítězil po vzdání soupeře"]

1. c4 c5 2. Nc3 e6 3. g3 d5 4. cxd5 exd5 5. d4 cxd4 6. Qxd4 Nf6 7. Bg5 Nc6 8. Bxf6 Nxd4 9. Bxd8 Nc2+ 10. Kd2 Nxa1 11.
Bg5 Bf5 12. f3 Bb4 13. e3 Nc2 14. Bb5+ Kf8 15. Ne2 f6 16. Bf4 Rd8 17. g4 Bg6 18.
h4 d4 19. exd4 Nxd4 20. Nxd4 Rxd4+ 21. Ke3 Bc5 22. Ke2 Rxf4 23. h5 Bf7 24. Rd1 Rd4 25. Bd3 Ke7 26. Ne4 Bb6 27. b4 Rhd8 28. a3 Rxd3 29. Rxd3 Bc4 0-1

[Event "Betsys MČR v online bleskovém šachu 2021"]
[Site "Chess.com"]
[Date "2021.04.17"]
[Round "8"]
[White "Cenisuh"]
[Black "zarathutra"]
[Result "1-0"]
[WhiteElo "1615"]
[BlackElo "1800"]
[TimeControl "180+1"]
[EndTime "10:19:58 PDT"]
[Termination "Uživatel Cenisuh zvítězil po vzdání soupeře"]

1. Nf3 Nf6 2. c4 e6 3. g3 b6 4. Bg2 Bb7 5. O-O Be7 6. Nc3 O-O 7. b3 c5 8. Bb2 d5 9. cxd5 exd5 10. d4 Nc6 11. e3 c4 12. h3 Na5 13. Ne5 Bd6 14.
bxc4 Bxe5 15. dxe5 Nxc4 16. exf6 Nxb2 17. Qc2 Nc4 18.
fxg7 Re8 19. Rfd1 Qf6 20. Nxd5 Bxd5 21. Bxd5 Ne5 22. Bxa8 Rxa8 23. Qe4 Nf3+ 24. Kg2 Nd2 25. Qxa8+ Kxg7 26. Rxd2 Qxa1 27. Qd5 Qc3 28. Qd4+ 1-0